Maple Leafs vs Rangers

Created - 8 décembre 2020 at 08:15

Goals
1 2 3 OT1 SO T
Maple Leafs 0 2 0 0 1 3
Rangers 0 1 1 0 0 2
Shots
1 2 3 OT1 SO T
Maple Leafs 7 11 9 2 3 29
Rangers 13 19 16 0 3 48

1st period

No Goal

Penalties :
Pierre-Edouard Bellemare (NYR) for Tripping (Minor) at 9:42

2nd period

1. Maple Leafs , Logan Couture 6 (Mike Hoffman 9) at 1:19
2. Rangers , Kyle Connor 8 (Brayden Schenn 9) at 8:45
3. Maple Leafs , Jesper Bratt 1 (Blake Comeau 4, Ben Hutton 3) at 10:04

Penalties :
Hampus Lindholm (TOR) for Roughing (Double Minor) at 17:37

3rd period

4. Rangers , Brayden Schenn 5 (Kyle Connor 7, Matt Duchene 7) at 1:06 (PP)

Penalties :
No Penalty

Overtime #1

No Goal

Penalties :
No Penalty

Shootout

Maple Leafs, Nikolaj Ehlers - Stopped by Philipp Grubauer
Rangers, Kyle Connor - Stopped by Petr Mrazek
Maple Leafs, Mike Hoffman - Stopped by Philipp Grubauer
Rangers, Jason Spezza - Stopped by Petr Mrazek
Maple Leafs, Andrei Svechnikov - Goal!
Rangers, Nazem Kadri - Stopped by Petr Mrazek

Penalties :
No Penalty

Goalie Stats

Petr Mrazek (TOR), 46 saves from 48 shots - (0,958), W, 5-1-3, 65:00 minutes
Philipp Grubauer (NYR), 27 saves from 29 shots - (0,931), OTL, 4-3-2, 65:00 minutes

Players Stats for Maple Leafs

Player Name              G  A  P  +/- PIM S  H  SB GA TA FO     MP     PP MP  PK MP  
------------------------------------------------------------------------------------
Alex Iafallo             0  0  0   0  0   0  1  0  0  0  1/9    16:30   1:02   0:43 
Andrei Svechnikov        0  0  0  -1  0   3  1  0  2  0  0/0    21:19   1:06   0:27 
Ben Hutton               0  1  1   1  0   0  1  1  0  1  0/0    19:47   0:00   0:59 
Blake Comeau             0  1  1   1  0   3  1  0  0  0  2/5    14:07   0:00   2:17 
Brandon Tanev            0  0  0   0  0   0  1  0  1  0  0/0    15:49   0:57   0:33 
Derek Ryan               0  0  0   1  0   1  0  0  2  0  4/6     9:37   0:00   0:00 
Dmitry Kulikov           0  0  0   1  0   0  0  1  0  0  0/0    18:05   0:00   0:09 
Hampus Lindholm          0  0  0   0  4   2  1  5  0  0  0/0    26:50   0:57   0:00 
Ilya Kovalchuk           0  0  0   0  0   3  2  0  1  0  3/7    17:35   0:53   0:00 
Jake Debrusk             0  0  0   1  0   2  1  0  1  0  0/1    16:07   0:53   0:44 
Jesper Bratt             1  0  1   1  0   5  0  0  2  0  0/0     9:44   0:00   0:00 
Joe Pavelski             0  0  0  -1  0   2  3  0  0  0  8/21   12:58   0:53   0:00 
Logan Couture            1  0  1   1  0   2  2  0  2  0  7/15   19:11   1:06   2:14 
Mike Hoffman             0  1  1   1  0   4  3  0  1  0  0/0    16:47   1:06   0:00 
Mikhail Sergachev        0  0  0   0  0   0  1  2  0  1  0/0    24:30   0:00   1:13 
Nikolaj Ehlers           0  0  0  -1  0   1  1  0  0  0  0/0    20:28   1:02   0:00 
Travis Dermott           0  0  0   0  0   1  1  0  0  1  0/0    16:57   0:00   2:07 
Troy Stecher             0  0  0   0  0   0  0  2  0  1  0/0    15:09   0:00   2:30 

Players Stats for Rangers

Player Name              G  A  P  +/- PIM S  H  SB GA TA FO     MP     PP MP  PK MP  
------------------------------------------------------------------------------------
Adam Pelech              0  0  0  -1  0   3  0  0  0  4  0/0    23:10   0:00   1:18 
Anton Stralman           0  0  0   0  0   2  1  2  0  1  0/0    14:54   0:52   0:41 
Brayden Schenn           1  1  2   1  0   6  2  0  0  0  0/1    21:49   2:10   1:03 
Chandler Stephenson      0  0  0   0  0   4  2  0  0  2  0/0    13:34   0:23   0:00 
Eric Staal               0  0  0  -1  0   3  0  0  0  1  1/2    20:38   0:56   0:13 
Erik Karlsson            0  0  0  -1  0   6  0  0  0  1  0/0    23:41   2:37   0:00 
Jack Roslovic            0  0  0  -1  0   2  0  0  0  1  0/0     7:05   0:00   0:00 
Jason Spezza             0  0  0   0  0   2  0  0  0  0  7/12   14:29   0:00   0:00 
Justin Williams          0  0  0  -1  0   2  1  2  0  0  0/0    18:53   0:56   0:00 
Kyle Connor              1  1  2   1  0   7  0  0  2  0  0/3    21:34   2:10   0:51 
Matt Duchene             0  1  1  -1  0   6  2  0  1  0  8/17   21:14   2:10   0:02 
Matt Niskanen            0  0  0   0  0   1  1  1  0  0  0/0    26:18   2:37   0:41 
Nazem Kadri              0  0  0   1  0   2  0  0  0  0  20/24  17:40   0:56   0:00 
Oskar Sundqvist          0  0  0   0  0   0  0  0  0  1  1/1    14:21   0:23   0:58 
Pierre-Edouard Bellemare 0  0  0  -1  2   1  1  0  0  0  2/4     8:47   0:23   0:00 
Rasmus Andersson         0  0  0   0  0   0  1  2  1  1  0/0    14:42   0:52   0:00 
Ron Hainsey              0  0  0   0  0   0  0  1  0  0  0/0    22:15   0:00   1:18 
Vinnie Hinostroza        0  0  0  -1  0   1  0  0  0  0  0/0     7:56   0:00   0:51 

3 Stars

1 - Petr Mrazek (TOR)
2 - Brayden Schenn (NYR)
3 - Kyle Connor (NYR)

Power Play

Maple Leafs - 0 on 1 Attempt(s) - 0,00%
Rangers - 1 on 2 Attempt(s) - 50,00%

Penalty Kill

Maple Leafs - 1 on 2 Attempt(s) - 50,00% - Score 0 goal in Penalty Kill
Rangers - 1 on 1 Attempt(s) - 100,00% - Score 0 goal in Penalty Kill

Team Stat

Maple Leafs - Hits : 20 - Faceoff Wins : 25 - Blocked Shots : 11 - Penalty Minutes : 4
Rangers - Hits : 11 - Faceoff Wins : 39 - Blocked Shots : 8 - Penalty Minutes : 2

Official

Referees : Brett Roeland and Kelly Sutherland
Linesman : Libor Suchanek and Ken Bonham

Game Notes

Joe Pavelski is injured at 3:10 of 3rd period (Left Hand)

Finance

Level 1 -- Attendance: 4796 (79,93%) -- Ticket Income 479 600 $
Level 2 -- Attendance: 4407 (88,14%) -- Ticket Income 264 420 $
Level 3 -- Attendance: 2000 (100,00%) -- Ticket Income 70 000 $
Level 4 -- Attendance: 3774 (94,35%) -- Ticket Income 75 480 $
Luxury Box -- Attendance: 715 (71,50%) -- Ticket Income 143 000 $
Game was played at the Blue Shirt Stadium.
Total Attendance: 15692 (87,18%)
Total Ticket Income: 1 032 500 $
Other Income: 505 925 $
Total Income: 1 538 425 $

Maple Leafs

5 vs 5 Forward 
   Center                   Left Wing                Right Wing               Time % Phy DF OF 
 1 Joe Pavelski             Andrei Svechnikov        Nikolaj Ehlers           37     0   2  3  
 2 Logan Couture            Jake Debrusk             Mike Hoffman             28     0   2  3  
 3 Alex Iafallo             Brandon Tanev            Ilya Kovalchuk           25     0   5  0  
 4 Derek Ryan               Blake Comeau             Jesper Bratt             10     0   5  0  

5 vs 5 Defense 
   Defense                  Defense                                           Time % Phy DF OF 
 1 Hampus Lindholm          Mikhail Sergachev                                 40     0   3  2  
 2 Dmitry Kulikov           Ben Hutton                                        30     0   5  0  
 3 Troy Stecher             Travis Dermott                                    20     0   5  0  
 4 Hampus Lindholm          Mikhail Sergachev                                 10     0   5  0  

PowerPlay Forward 
   Center                   Left Wing                Right Wing               Time % Phy DF OF 
 1 Logan Couture            Andrei Svechnikov        Mike Hoffman             60     0   0  5  
 2 Joe Pavelski             Jake Debrusk             Ilya Kovalchuk           40     0   0  5  

PowerPlay Defense
   Defense                  Defense                                           Time % Phy DF OF 
 1 Alex Iafallo             Nikolaj Ehlers                                    60     0   0  5  
 2 Brandon Tanev            Hampus Lindholm                                   40     0   0  5  

Penalty Kill 4 Players Forward 
   Center                   Wing                     Time % Phy DF OF 
 1 Logan Couture            Blake Comeau             60     0   5  0  
 2 Alex Iafallo             Brandon Tanev            40     0   5  0  

Penalty Kill 4 Players Defense
   Defense                  Defense                  Time % Phy DF OF 
 1 Hampus Lindholm          Troy Stecher             60     0   5  0  
 2 Ben Hutton               Mikhail Sergachev        40     0   5  0  

Penalty Kill - 3 Players Forward 
   Forward                                           Time % Phy DF OF 
 1 Logan Couture                                     60     0   5  0  
 2 Andrei Svechnikov                                 40     0   5  0  

Penalty Kill - 3 Players Defense
   Defense                  Defense                  Time % Phy DF OF 
 1 Mikhail Sergachev        Hampus Lindholm          60     0   4  1  
 2 Ben Hutton               Troy Stecher             40     0   5  0  

4 vs 4 Forward 
   Center                   Wing                     Time % Phy DF OF 
 1 Logan Couture            Andrei Svechnikov        60     0   3  2  
 2 Mike Hoffman             Alex Iafallo             40     0   3  2  

4 vs 4 Defense
   Defense                  Defense                  Time % Phy DF OF 
 1 Hampus Lindholm          Mikhail Sergachev        60     0   1  4  
 2 Ben Hutton               Troy Stecher             40     0   4  1  

Last Minutes Offensive
   Center                   Left Wing                Right Wing               Defense                  Defense                  
   Logan Couture            Andrei Svechnikov        Mike Hoffman             Hampus Lindholm          Mikhail Sergachev        

Last Minutes Defensive
   Center                   Left Wing                Right Wing               Defense                  Defense                  
   Logan Couture            Andrei Svechnikov        Mike Hoffman             Hampus Lindholm          Mikhail Sergachev        

Goaltenders
Starting : Petr Mrazek              
Backup : Anders Nilsson           

Extra Forwards
Normal : Ilya Kovalchuk, Blake Comeau, Jake Debrusk - PP : Ilya Kovalchuk, Blake Comeau - PK : Jake Debrusk
Extra Defensemen
Normal : Troy Stecher, Travis Dermott, Ben Hutton - PP : Troy Stecher - PK : Travis Dermott, Ben Hutton
Penalty Shots
Nikolaj Ehlers, Mike Hoffman, Andrei Svechnikov, Logan Couture, Jake Debrusk
Custom OT Lines Forwards
Logan Couture, Mike Hoffman, Andrei Svechnikov, Alex Iafallo, Brandon Tanev, Nikolaj Ehlers, Ilya Kovalchuk, Blake Comeau, Jake Debrusk, Joe Pavelski
Custom OT Lines Defensemen
Travis Dermott, Hampus Lindholm, Ben Hutton, Mikhail Sergachev, Troy Stecher

Scratches
Kaapo Kakko (Healthy), Mattias Janmark (Healthy), Oscar Fantenberg (Healthy)

Rangers

5 vs 5 Forward 
   Center                   Left Wing                Right Wing               Time % Phy DF OF 
 1 Nazem Kadri              Kyle Connor              Brayden Schenn           35     0   1  4  
 2 Matt Duchene             Eric Staal               Justin Williams          32     0   2  3  
 3 Jason Spezza             Chandler Stephenson      Oskar Sundqvist          23     0   2  3  
 4 Pierre-Edouard Bellemare Vinnie Hinostroza        Jack Roslovic            10     0   4  1  

5 vs 5 Defense 
   Defense                  Defense                                           Time % Phy DF OF 
 1 Erik Karlsson            Adam Pelech                                       39     1   2  2  
 2 Matt Niskanen            Ron Hainsey                                       39     1   2  2  
 3 Rasmus Andersson         Anton Stralman                                    22     0   3  2  
 4 Adam Pelech              Anton Stralman                                    0      1   2  2  

PowerPlay Forward 
   Center                   Left Wing                Right Wing               Time % Phy DF OF 
 1 Matt Duchene             Kyle Connor              Brayden Schenn           60     0   1  4  
 2 Nazem Kadri              Eric Staal               Justin Williams          40     0   1  4  

PowerPlay Defense
   Defense                  Defense                                           Time % Phy DF OF 
 1 Erik Karlsson            Matt Niskanen                                     60     0   1  4  
 2 Rasmus Andersson         Anton Stralman                                    40     0   1  4  

Penalty Kill 4 Players Forward 
   Center                   Wing                     Time % Phy DF OF 
 1 Pierre-Edouard Bellemare Oskar Sundqvist          60     0   5  0  
 2 Chandler Stephenson      Vinnie Hinostroza        40     0   5  0  

Penalty Kill 4 Players Defense
   Defense                  Defense                  Time % Phy DF OF 
 1 Adam Pelech              Ron Hainsey              60     0   5  0  
 2 Matt Niskanen            Anton Stralman           40     0   5  0  

Penalty Kill - 3 Players Forward 
   Forward                                           Time % Phy DF OF 
 1 Pierre-Edouard Bellemare                          60     0   5  0  
 2 Oskar Sundqvist                                   40     0   5  0  

Penalty Kill - 3 Players Defense
   Defense                  Defense                  Time % Phy DF OF 
 1 Adam Pelech              Ron Hainsey              60     0   5  0  
 2 Matt Niskanen            Anton Stralman           40     0   5  0  

4 vs 4 Forward 
   Center                   Wing                     Time % Phy DF OF 
 1 Matt Duchene             Kyle Connor              60     0   2  3  
 2 Eric Staal               Oskar Sundqvist          40     0   2  3  

4 vs 4 Defense
   Defense                  Defense                  Time % Phy DF OF 
 1 Ron Hainsey              Adam Pelech              60     0   2  3  
 2 Matt Niskanen            Rasmus Andersson         40     0   2  3  

Last Minutes Offensive
   Center                   Left Wing                Right Wing               Defense                  Defense                  
   Eric Staal               Kyle Connor              Brayden Schenn           Matt Niskanen            Erik Karlsson            

Last Minutes Defensive
   Center                   Left Wing                Right Wing               Defense                  Defense                  
   Pierre-Edouard Bellemare Chandler Stephenson      Oskar Sundqvist          Ron Hainsey              Adam Pelech              

Goaltenders
Starting : Philipp Grubauer         
Backup : Alexandar Georgiev       

Extra Forwards
Normal : Matt Duchene, Eric Staal, Kyle Connor - PP : Chandler Stephenson, Oskar Sundqvist - PK : Pierre-Edouard Bellemare
Extra Defensemen
Normal : Erik Karlsson, Adam Pelech, Matt Niskanen - PP : Matt Niskanen - PK : Anton Stralman, Ron Hainsey
Penalty Shots
Kyle Connor, Jason Spezza, Nazem Kadri, Justin Williams, Vinnie Hinostroza
Custom OT Lines Forwards
Eric Staal, Kyle Connor, Brayden Schenn, Jason Spezza, Matt Duchene, Justin Williams, Pierre-Edouard Bellemare, Chandler Stephenson, Oskar Sundqvist, Jack Roslovic
Custom OT Lines Defensemen
Matt Niskanen, Adam Pelech, Ron Hainsey, Rasmus Andersson, Anton Stralman

Scratches
Anthony Bitetto (Healthy), Pontus Aberg (Healthy)

% Time on Ice - Maple Leafs

Lines # - Real PCT - Wanted PCT - Time Play
Normal Forward
1 - 33% - 37% - 17:57
2 - 26% - 28% - 14:05
3 - 24% - 25% - 12:53
4 - 18% - 10% - 9:37
Normal Defense
1 - 38% - 40% - 20:35
2 - 34% - 30% - 18:36
3 - 23% - 20% - 12:39
4 - 5% - 10% - 2:42
PP Forward
1 - 55% - 60% - 1:06
2 - 45% - 40% - 0:53
PP Defense
1 - 52% - 60% - 1:02
2 - 48% - 40% - 0:57
PK Forward
1 - 84% - 60% - 2:56
2 - 16% - 40% - 0:33
PK Defense
1 - 81% - 60% - 2:50
2 - 19% - 40% - 0:39
PK3 Forward
1 - 0% - 60%
2 - 0% - 40%
PK3 Defense
1 - 0% - 60%
2 - 0% - 40%
44 Forward
1 - 0% - 60%
2 - 0% - 40%
44 Defense
1 - 0% - 60%
2 - 0% - 40%
Last Minute Offensive  - 0:00
Last Minute Defensive  - 0:00
Total
Forward - 60:00
Defense - 60:00

% Time on Ice - Rangers

Lines # - Real PCT - Wanted PCT - Time Play
Normal Forward
1 - 32% - 35% - 17:30
2 - 31% - 32% - 16:57
3 - 24% - 23% - 13:00
4 - 13% - 10% - 7:05
Normal Defense
1 - 39% - 39% - 21:04
2 - 37% - 39% - 20:11
3 - 24% - 22% - 13:17
4 - 0% - 0% - 0:00
PP Forward
1 - 73% - 60% - 2:33
2 - 27% - 40% - 0:56
PP Defense
1 - 75% - 60% - 2:37
2 - 25% - 40% - 0:52
PK Forward
1 - 100% - 60% - 1:59
2 - 0% - 40% - 0:00
PK Defense
1 - 66% - 60% - 1:18
2 - 34% - 40% - 0:41
PK3 Forward
1 - 0% - 60%
2 - 0% - 40%
PK3 Defense
1 - 0% - 60%
2 - 0% - 40%
44 Forward
1 - 0% - 60%
2 - 0% - 40%
44 Defense
1 - 0% - 60%
2 - 0% - 40%
Last Minute Offensive  - 0:00
Last Minute Defensive  - 0:00
Total
Forward - 60:00
Defense - 60:00

Play-by-Play

1st period


0:01 of 1st period - Nazem Kadri wins face-off versus Joe Pavelski in neutral zone.
0:15 of 1st period - Wrist shot by Andrei Svechnikov.
0:15 of 1st period - Shot Misses the Net.
0:50 of 1st period - Oskar Sundqvist is hit by Brandon Tanev.
1:46 of 1st period - Rasmus Andersson is hit by Logan Couture and loses puck.
2:17 of 1st period - Slapshot by Mike Hoffman.
2:17 of 1st period - Stopped by Philipp Grubauer without a rebound.
2:18 of 1st period - Alex Iafallo wins face-off versus Matt Duchene in Rangers zone.
4:00 of 1st period - Slapshot by Brayden Schenn.
4:00 of 1st period - Shot Misses the Net.
4:12 of 1st period - Wrist shot by Oskar Sundqvist.
4:12 of 1st period - Shot Misses the Net.
4:28 of 1st period - Wrist shot by Jesper Bratt.
4:28 of 1st period - Stopped by Philipp Grubauer without a rebound.
4:29 of 1st period - Blake Comeau wins face-off versus Pierre-Edouard Bellemare in Rangers zone.
4:56 of 1st period - Joe Pavelski is hit by Matt Duchene and loses puck.
5:17 of 1st period - Slapshot by Nazem Kadri.
5:17 of 1st period - Stopped by Petr Mrazek with a rebound.
5:37 of 1st period - Travis Dermott is hit by Chandler Stephenson.
5:57 of 1st period - Snap shot by Matt Duchene.
5:57 of 1st period - Deflect By Eric Staal.
5:57 of 1st period - Shot Blocked by Troy Stecher.
5:57 of 1st period - Puck is out of play.
5:58 of 1st period - Joe Pavelski wins face-off versus Matt Duchene in Maple Leafs zone.
6:05 of 1st period - Matt Duchene is hit by Joe Pavelski and loses puck.
6:23 of 1st period - Off-side.
6:24 of 1st period - Nazem Kadri wins face-off versus Alex Iafallo in neutral zone.
6:40 of 1st period - Adam Pelech is hit by Ilya Kovalchuk and loses puck.
7:15 of 1st period - Chandler Stephenson is hit by Ben Hutton and loses puck.
7:34 of 1st period - Ben Hutton is hit by Pierre-Edouard Bellemare and loses puck.
7:55 of 1st period - Snap shot by Alex Iafallo.
7:55 of 1st period - Shot Blocked by Anton Stralman.
7:57 of 1st period - Slapshot by Hampus Lindholm.
7:57 of 1st period - Shot Misses the Net.
8:23 of 1st period - Wrist shot by Andrei Svechnikov.
8:23 of 1st period - Stopped by Philipp Grubauer with a rebound.
8:25 of 1st period - Backhand shot by Hampus Lindholm.
8:25 of 1st period - Deflect By Matt Duchene.
8:25 of 1st period - Stopped by Philipp Grubauer with a rebound.
8:27 of 1st period - Snap shot by Joe Pavelski.
8:27 of 1st period - Stopped by Philipp Grubauer with a rebound.
8:47 of 1st period - Mike Hoffman is hit by Matt Duchene and loses puck.
8:52 of 1st period - Snap shot by Matt Duchene.
8:52 of 1st period - Shot Misses the Net.
8:54 of 1st period - Slapshot by Rasmus Andersson.
8:54 of 1st period - Deflect By Eric Staal.
8:54 of 1st period - Stopped by Petr Mrazek with a rebound.
8:56 of 1st period - Snap shot by Anton Stralman.
8:56 of 1st period - Stopped by Petr Mrazek without a rebound.
8:57 of 1st period - Nazem Kadri wins face-off versus Joe Pavelski in Maple Leafs zone.
9:10 of 1st period - Backhand shot by Kyle Connor.
9:10 of 1st period - Stopped by Petr Mrazek with a rebound.
9:32 of 1st period - Hampus Lindholm is hit by Matt Niskanen and loses puck.
9:42 of 1st period - Minor Penalty to Pierre-Edouard Bellemare for Tripping.
9:43 of 1st period - Logan Couture wins face-off versus Brayden Schenn in Rangers zone.
10:08 of 1st period - Ron Hainsey is hit by Joe Pavelski.
11:42 of 1st period - Penalty to Pierre-Edouard Bellemare is over, Pierre-Edouard Bellemare is back on ice.
12:04 of 1st period - Wrist shot by Eric Staal.
12:04 of 1st period - Stopped by Petr Mrazek with a rebound.
12:12 of 1st period - Wrist shot by Eric Staal.
12:12 of 1st period - Shot Misses the Net.
13:28 of 1st period - Icing by Anton Stralman.
13:29 of 1st period - Jason Spezza wins face-off versus Logan Couture in Rangers zone.
13:44 of 1st period - Snap shot by Matt Duchene.
13:44 of 1st period - Stopped by Petr Mrazek with a rebound.
13:48 of 1st period - Snap shot by Matt Duchene.
13:48 of 1st period - Shot Misses the Net.
13:50 of 1st period - Slapshot by Ron Hainsey.
13:50 of 1st period - Shot Misses the Net.
13:52 of 1st period - Snap shot by Eric Staal.
13:52 of 1st period - Stopped by Petr Mrazek without a rebound.
13:53 of 1st period - Nazem Kadri wins face-off versus Joe Pavelski in Maple Leafs zone.
14:18 of 1st period - Matt Niskanen is hit by Hampus Lindholm and loses puck.
14:29 of 1st period - Snap shot by Ilya Kovalchuk.
14:29 of 1st period - Stopped by Philipp Grubauer without a rebound.
14:30 of 1st period - Jason Spezza wins face-off versus Joe Pavelski in Rangers zone.
14:39 of 1st period - Wrist shot by Jason Spezza.
14:39 of 1st period - Shot Blocked by Ben Hutton.
14:41 of 1st period - Slapshot by Erik Karlsson.
14:41 of 1st period - Stopped by Petr Mrazek with a rebound.
14:43 of 1st period - Slapshot by Adam Pelech.
14:43 of 1st period - Deflect By Joe Pavelski.
14:43 of 1st period - Stopped by Petr Mrazek with a rebound.
14:45 of 1st period - Wrist shot by Adam Pelech.
14:45 of 1st period - Stopped by Petr Mrazek without a rebound.
14:46 of 1st period - Matt Duchene wins face-off versus Alex Iafallo in Maple Leafs zone.
17:06 of 1st period - Snap shot by Jason Spezza.
17:06 of 1st period - Shot Blocked by Troy Stecher.
17:08 of 1st period - Slapshot by Chandler Stephenson.
17:08 of 1st period - Stopped by Petr Mrazek without a rebound.
17:09 of 1st period - Matt Duchene wins face-off versus Alex Iafallo in Maple Leafs zone.
17:45 of 1st period - Adam Pelech is hit by Joe Pavelski and loses puck.
18:04 of 1st period - Slapshot by Brayden Schenn.
18:04 of 1st period - Stopped by Petr Mrazek without a rebound.
18:05 of 1st period - Matt Duchene wins face-off versus Logan Couture in Maple Leafs zone.
18:18 of 1st period - Wrist shot by Matt Duchene.
18:18 of 1st period - Deflect By Justin Williams.
18:18 of 1st period - Deflect By Logan Couture.
18:18 of 1st period - Stopped by Petr Mrazek with a rebound.
18:20 of 1st period - Slapshot by Matt Niskanen.
18:20 of 1st period - Shot Blocked by Hampus Lindholm.
18:49 of 1st period - Off-side.
18:50 of 1st period - Derek Ryan wins face-off versus Pierre-Edouard Bellemare in neutral zone.
19:10 of 1st period - Icing by Jesper Bratt.
19:11 of 1st period - Derek Ryan wins face-off versus Matt Duchene in Maple Leafs zone.
19:59 of 1st period - Snap shot by Jesper Bratt.
19:59 of 1st period - Stopped by Philipp Grubauer with a rebound.
Goals for this period are 0 for Maple Leafs vs 0 for Rangers.
Shots for this period are 7 for Maple Leafs vs 13 for Rangers.

2nd period


0:01 of 2nd period - Joe Pavelski wins face-off versus Matt Duchene in neutral zone.
0:27 of 2nd period - Off-side.
0:28 of 2nd period - Logan Couture wins face-off versus Nazem Kadri in neutral zone.
0:37 of 2nd period - Wrist shot by Jake Debrusk.
0:37 of 2nd period - Deflect By Mike Hoffman.
0:37 of 2nd period - Shot Misses the Net.
0:37 of 2nd period - Puck is out of play.
0:38 of 2nd period - Joe Pavelski wins face-off versus Matt Duchene in Rangers zone.
0:49 of 2nd period - Snap shot by Nikolaj Ehlers.
0:49 of 2nd period - Shot Misses the Net.
0:51 of 2nd period - Snap shot by Joe Pavelski.
0:51 of 2nd period - Stopped by Philipp Grubauer without a rebound.
0:52 of 2nd period - Nazem Kadri wins face-off versus Joe Pavelski in Rangers zone.
1:01 of 2nd period - Wrist shot by Kyle Connor.
1:01 of 2nd period - Stopped by Petr Mrazek with a rebound.
1:03 of 2nd period - Slapshot by Brayden Schenn.
1:03 of 2nd period - Stopped by Petr Mrazek with a rebound.
1:05 of 2nd period - Slapshot by Erik Karlsson.
1:05 of 2nd period - Shot Misses the Net.
1:07 of 2nd period - Snap shot by Kyle Connor.
1:07 of 2nd period - Stopped by Petr Mrazek without a rebound.
1:08 of 2nd period - Matt Duchene wins face-off versus Logan Couture in Maple Leafs zone.
1:19 of 2nd period - Wrist shot by Logan Couture.
1:19 of 2nd period - Goal by Logan Couture - Maple Leafs : 1 - Rangers : 0.
1:20 of 2nd period - Joe Pavelski wins face-off versus Jason Spezza in neutral zone.
1:49 of 2nd period - Icing by Mikhail Sergachev.
1:50 of 2nd period - Matt Duchene wins face-off versus Alex Iafallo in Maple Leafs zone.
2:15 of 2nd period - Wrist shot by Alex Iafallo.
2:15 of 2nd period - Shot Misses the Net.
2:29 of 2nd period - Snap shot by Matt Duchene.
2:29 of 2nd period - Shot Misses the Net.
2:51 of 2nd period - Slapshot by Matt Niskanen.
2:51 of 2nd period - Stopped by Petr Mrazek with a rebound.
2:53 of 2nd period - Snap shot by Matt Duchene.
2:53 of 2nd period - Shot Misses the Net.
2:55 of 2nd period - Wrist shot by Matt Duchene.
2:55 of 2nd period - Stopped by Petr Mrazek with a rebound.
2:57 of 2nd period - Wrist shot by Ron Hainsey.
2:57 of 2nd period - Shot Blocked by Dmitry Kulikov.
2:59 of 2nd period - Wrist shot by Justin Williams.
2:59 of 2nd period - Stopped by Petr Mrazek without a rebound.
3:00 of 2nd period - Nazem Kadri wins face-off versus Joe Pavelski in Maple Leafs zone.
3:15 of 2nd period - Snap shot by Kyle Connor.
3:15 of 2nd period - Stopped by Petr Mrazek with a rebound.
3:17 of 2nd period - Slapshot by Kyle Connor.
3:17 of 2nd period - Shot Blocked by Hampus Lindholm.
3:27 of 2nd period - Jason Spezza is hit by Mikhail Sergachev and loses puck.
3:35 of 2nd period - Off-side.
3:36 of 2nd period - Logan Couture wins face-off versus Nazem Kadri in neutral zone.
4:03 of 2nd period - Jason Spezza is hit by Travis Dermott and loses puck.
4:47 of 2nd period - Snap shot by Ilya Kovalchuk.
4:47 of 2nd period - Stopped by Philipp Grubauer without a rebound.
4:48 of 2nd period - Matt Duchene wins face-off versus Alex Iafallo in Rangers zone.
5:15 of 2nd period - Icing by Matt Niskanen.
5:16 of 2nd period - Nazem Kadri wins face-off versus Joe Pavelski in Rangers zone.
5:46 of 2nd period - Snap shot by Brayden Schenn.
5:46 of 2nd period - Shot Misses the Net.
5:48 of 2nd period - Snap shot by Brayden Schenn.
5:48 of 2nd period - Shot Misses the Net.
5:50 of 2nd period - Snap shot by Nazem Kadri.
5:50 of 2nd period - Stopped by Petr Mrazek without a rebound.
5:51 of 2nd period - Jason Spezza wins face-off versus Logan Couture in Maple Leafs zone.
5:56 of 2nd period - Snap shot by Chandler Stephenson.
5:56 of 2nd period - Shot Misses the Net.
6:04 of 2nd period - Slapshot by Mikhail Sergachev.
6:04 of 2nd period - Deflect By Jake Debrusk.
6:04 of 2nd period - Stopped by Philipp Grubauer with a rebound.
6:06 of 2nd period - Slapshot by Mike Hoffman.
6:06 of 2nd period - Shot Misses the Net.
7:03 of 2nd period - Wrist shot by Nazem Kadri.
7:03 of 2nd period - Shot Misses the Net.
7:21 of 2nd period - Snap shot by Jesper Bratt.
7:21 of 2nd period - Stopped by Philipp Grubauer without a rebound.
7:22 of 2nd period - Jason Spezza wins face-off versus Derek Ryan in Rangers zone.
7:29 of 2nd period - Backhand shot by Jason Spezza.
7:29 of 2nd period - Stopped by Petr Mrazek without a rebound.
7:30 of 2nd period - Joe Pavelski wins face-off versus Nazem Kadri in Maple Leafs zone.
8:01 of 2nd period - Wrist shot by Matt Duchene.
8:01 of 2nd period - Shot Blocked by Hampus Lindholm.
8:27 of 2nd period - Wrist shot by Alex Iafallo.
8:27 of 2nd period - Shot Blocked by Rasmus Andersson.
8:45 of 2nd period - Snap shot by Kyle Connor.
8:45 of 2nd period - Goal by Kyle Connor - Maple Leafs : 1 - Rangers : 1.
8:46 of 2nd period - Joe Pavelski wins face-off versus Kyle Connor in neutral zone.
9:22 of 2nd period - Snap shot by Matt Duchene.
9:22 of 2nd period - Stopped by Petr Mrazek with a rebound.
9:54 of 2nd period - Slapshot by Ben Hutton.
9:54 of 2nd period - Shot Misses the Net.
9:56 of 2nd period - Snap shot by Blake Comeau.
9:56 of 2nd period - Stopped by Philipp Grubauer with a rebound.
9:58 of 2nd period - Wrist shot by Derek Ryan.
9:58 of 2nd period - Stopped by Philipp Grubauer with a rebound.
10:00 of 2nd period - Slapshot by Ben Hutton.
10:00 of 2nd period - Shot Hit the Post.
10:02 of 2nd period - Slapshot by Blake Comeau.
10:02 of 2nd period - Deflect By Anton Stralman.
10:02 of 2nd period - Stopped by Philipp Grubauer with a rebound.
10:04 of 2nd period - Slapshot by Jesper Bratt.
10:04 of 2nd period - Goal by Jesper Bratt - Maple Leafs : 2 - Rangers : 1.
10:05 of 2nd period - Nazem Kadri wins face-off versus Joe Pavelski in neutral zone.
10:30 of 2nd period - Jake Debrusk is hit by Justin Williams and loses puck.
10:55 of 2nd period - Snap shot by Blake Comeau.
10:55 of 2nd period - Stopped by Philipp Grubauer without a rebound.
10:56 of 2nd period - Derek Ryan wins face-off versus Nazem Kadri in Rangers zone.
11:11 of 2nd period - Snap shot by Jesper Bratt.
11:11 of 2nd period - Shot Misses the Net.
11:43 of 2nd period - Wrist shot by Matt Duchene.
11:43 of 2nd period - Deflect By Jesper Bratt.
11:43 of 2nd period - Shot Misses the Net.
11:43 of 2nd period - Puck is out of play.
11:44 of 2nd period - Matt Duchene wins face-off versus Joe Pavelski in Maple Leafs zone.
12:50 of 2nd period - Snap shot by Vinnie Hinostroza.
12:50 of 2nd period - Stopped by Petr Mrazek without a rebound.
12:51 of 2nd period - Pierre-Edouard Bellemare wins face-off versus Joe Pavelski in Maple Leafs zone.
12:56 of 2nd period - Snap shot by Jack Roslovic.
12:56 of 2nd period - Stopped by Petr Mrazek with a rebound.
12:58 of 2nd period - Slapshot by Ron Hainsey.
12:58 of 2nd period - Shot Misses the Net.
13:58 of 2nd period - Wrist shot by Chandler Stephenson.
13:58 of 2nd period - Stopped by Petr Mrazek with a rebound.
15:28 of 2nd period - Snap shot by Oskar Sundqvist.
15:28 of 2nd period - Shot Misses the Net.
15:39 of 2nd period - Icing by Jesper Bratt.
15:40 of 2nd period - Pierre-Edouard Bellemare wins face-off versus Derek Ryan in Maple Leafs zone.
15:41 of 2nd period - Wrist shot by Vinnie Hinostroza.
15:41 of 2nd period - Shot Misses the Net.
15:43 of 2nd period - Slapshot by Rasmus Andersson.
15:43 of 2nd period - Shot Misses the Net.
15:45 of 2nd period - Wrist shot by Pierre-Edouard Bellemare.
15:45 of 2nd period - Shot Misses the Net.
15:47 of 2nd period - Snap shot by Jack Roslovic.
15:47 of 2nd period - Stopped by Petr Mrazek with a rebound.
15:49 of 2nd period - Slapshot by Pierre-Edouard Bellemare.
15:49 of 2nd period - Stopped by Petr Mrazek with a rebound.
15:51 of 2nd period - Slapshot by Anton Stralman.
15:51 of 2nd period - Shot Blocked by Mikhail Sergachev.
15:53 of 2nd period - Slapshot by Anton Stralman.
15:53 of 2nd period - Stopped by Petr Mrazek with a rebound.
16:11 of 2nd period - Slapshot by Mike Hoffman.
16:11 of 2nd period - Stopped by Philipp Grubauer without a rebound.
16:12 of 2nd period - Nazem Kadri wins face-off versus Logan Couture in Rangers zone.
17:24 of 2nd period - Slapshot by Erik Karlsson.
17:24 of 2nd period - Shot Misses the Net.
17:26 of 2nd period - Slapshot by Adam Pelech.
17:26 of 2nd period - Stopped by Petr Mrazek without a rebound.
17:27 of 2nd period - Nazem Kadri wins face-off versus Joe Pavelski in Maple Leafs zone.
17:28 of 2nd period - Wrist shot by Brayden Schenn.
17:28 of 2nd period - Stopped by Petr Mrazek without a rebound.
17:29 of 2nd period - Nazem Kadri wins face-off versus Joe Pavelski in Maple Leafs zone.
17:37 of 2nd period - Double Minor Penalty to Hampus Lindholm for Roughing.
17:38 of 2nd period - Logan Couture wins face-off versus Matt Duchene in Maple Leafs zone.
19:09 of 2nd period - Justin Williams is hit by Jake Debrusk and loses puck.
19:24 of 2nd period - Alex Iafallo is hit by Brayden Schenn.
Goals for this period are 2 for Maple Leafs vs 1 for Rangers.
Shots for this period are 11 for Maple Leafs vs 19 for Rangers.

3rd period


0:01 of 3rd period - Matt Duchene wins face-off versus Logan Couture in neutral zone.
0:06 of 3rd period - Slapshot by Kyle Connor.
0:06 of 3rd period - Stopped by Petr Mrazek with a rebound.
0:08 of 3rd period - Wrist shot by Erik Karlsson.
0:08 of 3rd period - Stopped by Petr Mrazek without a rebound.
0:09 of 3rd period - Logan Couture wins face-off versus Kyle Connor in Maple Leafs zone.
0:32 of 3rd period - Wrist shot by Brayden Schenn.
0:32 of 3rd period - Stopped by Petr Mrazek with a rebound.
1:06 of 3rd period - Snap shot by Brayden Schenn.
1:06 of 3rd period - Goal by Brayden Schenn - Maple Leafs : 2 - Rangers : 2.
1:07 of 3rd period - Joe Pavelski wins face-off versus Jason Spezza in neutral zone.
1:33 of 3rd period - Anton Stralman is hit by Alex Iafallo.
2:08 of 3rd period - Snap shot by Jake Debrusk.
2:08 of 3rd period - Stopped by Philipp Grubauer without a rebound.
2:09 of 3rd period - Joe Pavelski wins face-off versus Matt Duchene in Rangers zone.
2:10 of 3rd period - Snap shot by Andrei Svechnikov.
2:10 of 3rd period - Shot Misses the Net.
2:12 of 3rd period - Snap shot by Andrei Svechnikov.
2:12 of 3rd period - Shot Blocked by Justin Williams.
2:14 of 3rd period - Snap shot by Andrei Svechnikov.
2:14 of 3rd period - Shot Hit the Post.
3:03 of 3rd period - Snap shot by Mike Hoffman.
3:03 of 3rd period - Stopped by Philipp Grubauer without a rebound.
3:04 of 3rd period - Nazem Kadri wins face-off versus Joe Pavelski in Rangers zone.
3:09 of 3rd period - Joe Pavelski is hit by Brayden Schenn and loses puck.
3:10 of 3rd period - Joe Pavelski from Maple Leafs is injured at 3:10 of 3rd period (Left Hand).
3:11 of 3rd period - Nazem Kadri wins face-off versus Ilya Kovalchuk in Maple Leafs zone.
3:16 of 3rd period - Snap shot by Nazem Kadri.
3:16 of 3rd period - Deflect By Brayden Schenn.
3:16 of 3rd period - Stopped by Petr Mrazek with a rebound.
3:18 of 3rd period - Wrist shot by Brayden Schenn.
3:18 of 3rd period - Shot Misses the Net.
3:20 of 3rd period - Slapshot by Erik Karlsson.
3:20 of 3rd period - Stopped by Petr Mrazek with a rebound.
3:22 of 3rd period - Snap shot by Nazem Kadri.
3:22 of 3rd period - Shot Blocked by Mikhail Sergachev.
3:58 of 3rd period - Slapshot by Erik Karlsson.
3:58 of 3rd period - Stopped by Petr Mrazek with a rebound.
4:02 of 3rd period - Slapshot by Erik Karlsson.
4:02 of 3rd period - Stopped by Petr Mrazek without a rebound.
4:03 of 3rd period - Nazem Kadri wins face-off versus Ilya Kovalchuk in Maple Leafs zone.
6:33 of 3rd period - Snap shot by Andrei Svechnikov.
6:33 of 3rd period - Stopped by Philipp Grubauer with a rebound.
6:35 of 3rd period - Slapshot by Andrei Svechnikov.
6:35 of 3rd period - Stopped by Philipp Grubauer without a rebound.
6:36 of 3rd period - Nazem Kadri wins face-off versus Jake Debrusk in Rangers zone.
6:48 of 3rd period - Off-side.
6:49 of 3rd period - Ilya Kovalchuk wins face-off versus Kyle Connor in neutral zone.
7:36 of 3rd period - Adam Pelech is hit by Blake Comeau and loses puck.
8:26 of 3rd period - Snap shot by Erik Karlsson.
8:26 of 3rd period - Shot Blocked by Hampus Lindholm.
8:39 of 3rd period - Off-side.
8:40 of 3rd period - Nazem Kadri wins face-off versus Blake Comeau in neutral zone.
9:10 of 3rd period - Snap shot by Jason Spezza.
9:10 of 3rd period - Stopped by Petr Mrazek without a rebound.
9:11 of 3rd period - Logan Couture wins face-off versus Jason Spezza in Maple Leafs zone.
9:16 of 3rd period - Snap shot by Logan Couture.
9:16 of 3rd period - Stopped by Philipp Grubauer with a rebound.
9:21 of 3rd period - Icing by Jason Spezza.
9:22 of 3rd period - Jason Spezza wins face-off versus Ilya Kovalchuk in Rangers zone.
9:47 of 3rd period - Kyle Connor is hit by Mike Hoffman.
9:48 of 3rd period - Icing by Kyle Connor.
9:49 of 3rd period - Nazem Kadri wins face-off versus Logan Couture in Rangers zone.
9:56 of 3rd period - Matt Niskanen is hit by Mike Hoffman and loses puck.
10:28 of 3rd period - Wrist shot by Mike Hoffman.
10:28 of 3rd period - Stopped by Philipp Grubauer without a rebound.
10:29 of 3rd period - Nazem Kadri wins face-off versus Ilya Kovalchuk in Rangers zone.
10:29 of 3rd period - Nazem Kadri is hit by Ilya Kovalchuk.
11:57 of 3rd period - Snap shot by Nikolaj Ehlers.
11:57 of 3rd period - Stopped by Philipp Grubauer with a rebound.
11:59 of 3rd period - Wrist shot by Travis Dermott.
11:59 of 3rd period - Shot Misses the Net.
12:13 of 3rd period - Wrist shot by Blake Comeau.
12:13 of 3rd period - Shot Blocked by Justin Williams.
12:15 of 3rd period - Slapshot by Ben Hutton.
12:15 of 3rd period - Shot Blocked by Matt Niskanen.
12:48 of 3rd period - Snap shot by Nikolaj Ehlers.
12:48 of 3rd period - Shot Blocked by Anton Stralman.
12:50 of 3rd period - Slapshot by Blake Comeau.
12:50 of 3rd period - Shot Misses the Net.
13:06 of 3rd period - Logan Couture is hit by Rasmus Andersson and loses puck.
13:25 of 3rd period - Wrist shot by Matt Duchene.
13:25 of 3rd period - Shot Misses the Net.
13:27 of 3rd period - Wrist shot by Rasmus Andersson.
13:27 of 3rd period - Shot Misses the Net.
13:53 of 3rd period - Snap shot by Chandler Stephenson.
13:53 of 3rd period - Stopped by Petr Mrazek with a rebound.
14:35 of 3rd period - Wrist shot by Alex Iafallo.
14:35 of 3rd period - Shot Misses the Net.
14:37 of 3rd period - Snap shot by Alex Iafallo.
14:37 of 3rd period - Shot Misses the Net.
14:39 of 3rd period - Slapshot by Dmitry Kulikov.
14:39 of 3rd period - Deflect By Ilya Kovalchuk.
14:39 of 3rd period - Stopped by Philipp Grubauer without a rebound.
14:40 of 3rd period - Nazem Kadri wins face-off versus Blake Comeau in Rangers zone.
15:05 of 3rd period - Icing by Anton Stralman.
15:06 of 3rd period - Nazem Kadri wins face-off versus Logan Couture in Rangers zone.
15:06 of 3rd period - Nazem Kadri is hit by Logan Couture.
15:12 of 3rd period - Dmitry Kulikov is hit by Anton Stralman.
15:16 of 3rd period - Ben Hutton is hit by Chandler Stephenson and loses puck.
16:01 of 3rd period - Slapshot by Jesper Bratt.
16:01 of 3rd period - Stopped by Philipp Grubauer without a rebound.
16:02 of 3rd period - Ilya Kovalchuk wins face-off versus Jason Spezza in Rangers zone.
16:33 of 3rd period - Snap shot by Mike Hoffman.
16:33 of 3rd period - Shot Blocked by Ron Hainsey.
17:28 of 3rd period - Slapshot by Nazem Kadri.
17:28 of 3rd period - Deflect By Kyle Connor.
17:28 of 3rd period - Stopped by Petr Mrazek with a rebound.
17:56 of 3rd period - Icing by Justin Williams.
17:57 of 3rd period - Derek Ryan wins face-off versus Matt Duchene in Rangers zone.
18:08 of 3rd period - Snap shot by Matt Duchene.
18:08 of 3rd period - Stopped by Petr Mrazek without a rebound.
18:09 of 3rd period - Jason Spezza wins face-off versus Alex Iafallo in Maple Leafs zone.
18:18 of 3rd period - Snap shot by Chandler Stephenson.
18:18 of 3rd period - Shot Blocked by Hampus Lindholm.
18:20 of 3rd period - Slapshot by Chandler Stephenson.
18:20 of 3rd period - Stopped by Petr Mrazek with a rebound.
18:22 of 3rd period - Slapshot by Matt Niskanen.
18:22 of 3rd period - Shot Misses the Net.
18:36 of 3rd period - Wrist shot by Matt Duchene.
18:36 of 3rd period - Stopped by Petr Mrazek without a rebound.
18:37 of 3rd period - Ilya Kovalchuk wins face-off versus Matt Duchene in Maple Leafs zone.
18:51 of 3rd period - Snap shot by Matt Duchene.
18:51 of 3rd period - Stopped by Petr Mrazek with a rebound.
18:53 of 3rd period - Slapshot by Erik Karlsson.
18:53 of 3rd period - Stopped by Petr Mrazek without a rebound.
18:54 of 3rd period - Blake Comeau wins face-off versus Jason Spezza in Maple Leafs zone.
19:01 of 3rd period - Slapshot by Mikhail Sergachev.
19:01 of 3rd period - Deflect By Andrei Svechnikov.
19:01 of 3rd period - Shot Misses the Net.
19:01 of 3rd period - Puck is out of play.
19:02 of 3rd period - Jason Spezza wins face-off versus Blake Comeau in Rangers zone.
19:08 of 3rd period - Off-side.
19:09 of 3rd period - Oskar Sundqvist wins face-off versus Alex Iafallo in neutral zone.
19:35 of 3rd period - Justin Williams is hit by Mike Hoffman.
Goals for this period are 0 for Maple Leafs vs 1 for Rangers.
Shots for this period are 9 for Maple Leafs vs 16 for Rangers.

Overtime #1


0:01 of 1st overtime period - Logan Couture wins face-off versus Eric Staal in neutral zone.
0:30 of 1st overtime period - Slapshot by Hampus Lindholm.
0:30 of 1st overtime period - Deflect By Jason Spezza.
0:30 of 1st overtime period - Stopped by Philipp Grubauer without a rebound.
0:31 of 1st overtime period - Eric Staal wins face-off versus Alex Iafallo in Rangers zone.
3:45 of 1st overtime period - Brayden Schenn is hit by Andrei Svechnikov and loses puck.
4:03 of 1st overtime period - Kyle Connor is hit by Nikolaj Ehlers and loses puck.
4:39 of 1st overtime period - Wrist shot by Andrei Svechnikov.
4:39 of 1st overtime period - Shot Misses the Net.
4:41 of 1st overtime period - Slapshot by Travis Dermott.
4:41 of 1st overtime period - Stopped by Philipp Grubauer with a rebound.
4:43 of 1st overtime period - Slapshot by Travis Dermott.
4:43 of 1st overtime period - Shot Blocked by Rasmus Andersson.
Goals for this period are 0 for Maple Leafs vs 0 for Rangers.
Shots for this period are 2 for Maple Leafs vs 0 for Rangers.

ShootOut


5:00 of 1st overtime period - Round #1.
5:00 of 1st overtime period - Maple Leafs, Nikolaj Ehlers.
5:00 of 1st overtime period - Backhand shot by Nikolaj Ehlers.
5:00 of 1st overtime period - Stopped by Philipp Grubauer.
5:00 of 1st overtime period - Rangers, Kyle Connor.
5:00 of 1st overtime period - Backhand shot by Kyle Connor.
5:00 of 1st overtime period - Stopped by Petr Mrazek.
5:00 of 1st overtime period - Round #2.
5:00 of 1st overtime period - Maple Leafs, Mike Hoffman.
5:00 of 1st overtime period - Snap shot by Mike Hoffman.
5:00 of 1st overtime period - Stopped by Philipp Grubauer.
5:00 of 1st overtime period - Rangers, Jason Spezza.
5:00 of 1st overtime period - Deke by Jason Spezza.
5:00 of 1st overtime period - Stopped by Petr Mrazek.
5:00 of 1st overtime period - Round #3.
5:00 of 1st overtime period - Maple Leafs, Andrei Svechnikov.
5:00 of 1st overtime period - Snap shot by Andrei Svechnikov.
5:00 of 1st overtime period - Goal by Andrei Svechnikov.
5:00 of 1st overtime period - Rangers, Nazem Kadri.
5:00 of 1st overtime period - Backhand shot by Nazem Kadri.
5:00 of 1st overtime period - Stopped by Petr Mrazek.